 Dungeon Crawl Stone Soup version 0.28.0-53-g5a82cb258f (webtiles) character file.

Game seed: 16097417658183994631

24661 Peloso the Fencer (level 12, -1/111 HPs)
             Began as a Minotaur Fighter on June 1, 2022.
             Was a High Priest of Okawaru.
             Slain by a skeletal warrior
             ... wielding a +0 glaive
             ... led by a skeletal warrior
              (15 damage)
             ... on level 12 of the Dungeon.
             The game lasted 00:29:37 (13701 turns).

Peloso the Fencer (Minotaur Fighter)               Turns: 13701, Time: 00:29:38

Health: -1/111     AC: 13    Str: 23    XL:     12   Next: 82%
Magic:  9/12       EV: 14    Int:  5    God:    Okawaru [*****.]
Gold:   293        SH: 19    Dex: 13    Spells: 11/11 levels left

rFire   . . .      SeeInvis .   a - +3 double sword
rCold   . . .      Faith    .   l - +0 tower shield
rNeg    . . .      Spirit   .   L - +1 ring mail "Egaq" {Will+ rCorr Slay+5}
rPois   .          Reflect  .   (helmet restricted)
rElec   +          Harm     .   y - +0 cloak
rCorr   +          Rampage  .   w - +0 pair of gloves
Will    ++...                   (no boots)
Stlth   +++.......              f - amulet of Spontaneous Combustion {Acrobat rElec Will+ Regen+}
HPRegen 1.08/turn               (no ring)
MPRegen 0.13/turn               (no ring)

@: heroic
A: horns 2, retaliatory headbutt
a: Renounce Religion, Heroism, Finesse, Duel


You were on level 12 of the Dungeon.
You worshipped Okawaru.
Okawaru was extremely pleased with you.
You visited 3 branches of the dungeon, and saw 16 of its levels.

You collected 887 gold pieces.
You spent 594 gold pieces at shops.

Inventory:

Hand Weapons
 a - a +3 double sword (weapon)
 b - a +1 long sword of electrocution
 F - the +9 scimitar "Gotwiduwk" {vorpal, rElec rC- MP+9 Int-4}
   (Okawaru gifted it to you on level 12 of the Dungeon)

   It inflicts extra damage upon your enemies.
   Int:       It affects your intelligence (-4).
   rC:        It makes you vulnerable to cold.
   rElec:     It insulates you from electricity.
   MP:        It affects your magic capacity (+9).
Armour
 c - a +0 buckler
 l - a +0 tower shield (worn)
 w - a +0 pair of gloves (worn)
 y - a +0 cloak (worn)
 D - a +0 plate armour
 L - the +1 ring mail "Egaq" (worn) {Will+ rCorr Slay+5}
   (Okawaru gifted it to you on level 1 of the Lair of Beasts)

   Slay:      It affects your accuracy & damage with ranged weapons and melee
   (+5).
   rCorr:     It protects you from acid and corrosion.
   Will:      It increases your willpower.
 P - +0 acid dragon scales
Jewellery
 f - the amulet of Spontaneous Combustion (around neck) {Acrobat rElec Will+ Regen+}
   (You acquired it on level 2 of the Dungeon)

   [amulet of the acrobat]

   It increases your evasion while moving and waiting.
   rElec:     It insulates you from electricity.
   Regen:     It increases your rate of health regeneration.
   Will:      It increases your willpower.
 j - an amulet of guardian spirit
 E - a ring of wizardry
 G - an amulet of magic regeneration
 N - a ring of fire
 O - a ring of wizardry
Wands
 n - a wand of paralysis (19)
 o - a wand of digging (19)
 p - a wand of polymorph (10)
 A - a wand of flame (37)
 B - a wand of iceblast (11)
 I - a wand of mindburst (8)
Scrolls
 g - a scroll of summoning
 h - 5 scrolls of teleportation
 m - a scroll of noise
 s - 2 scrolls of amnesia
 t - a scroll of brand weapon
 u - a scroll of immolation
 z - 2 scrolls of enchant weapon
 C - 2 scrolls of enchant armour
 H - a scroll of silence
 J - a scroll of fog
 M - a scroll of acquirement
Potions
 d - 3 potions of might
 e - 7 potions of curing
 i - 3 potions of cancellation
 k - 3 potions of mutation
 q - a potion of invisibility {unknown}
 r - a potion of heal wounds
 v - a potion of berserk rage {unknown}
 x - 2 potions of brilliance
 K - 3 potions of haste
 Q - 2 potions of attraction {unknown}


   Skills:
 + Level 11.6(16.6) Fighting
 + Level 15.0(20.0) Long Blades
 + Level 12.1(17.1) Armour
 + Level 6.0(11.0) Dodging
 + Level 1.8(6.8) Stealth
 + Level 12.4(17.4) Shields
 + Level 2.5 Invocations
 + Level 1.1 Evocations


You had 11 spell levels left.
You didn't know any spells.
Your spell library contained the following spells:

 Spells                   Type           Power      Damage    Failure   Level
 Apportation              Tloc           0%         N/A       90%         1
 Freeze                   Ice            0%         1d3       90%         1
 Shock                    Conj/Air       0%         1d3       90%         1
 Static Discharge         Conj/Air       0%         N/A       97%         2
 Lightning Bolt           Conj/Air       0%         1d11      100%        5
 Maxwell's Capacitive Co  Air            0%         ∞         100%        8


Dungeon Overview and Level Annotations

Branches:
Dungeon (12/15)            Temple (1/1) D:5            Lair (3/6) D:8
  Swamp (0/4) Lair:3          Orc (0/2) D:12
  Snake: Lair:2-4    Spider: Lair:2-4

Altars:
Cheibriados
Elyvilon
Fedhas
Gozag
Hepliaklqana
Makhleb
Okawaru
Sif Muna
Uskayaw
Wu Jian
Xom
Zin

Shops:
D:1 ?   D:4 *


Innate Abilities, Weirdness & Mutations

You have a pair of horns on your head.
You reflexively headbutt those who attack you in melee.


Message History

You block the skeletal warrior's attack. x2
You slice the skeletal warrior!!
You headbutt the skeletal warrior, but do no damage.
The skeletal warrior is heavily damaged.
You block the skeletal warrior's attack. x2
You slash the skeletal warrior!
The skeletal warrior is heavily damaged.
You block the skeletal warrior's attack.
The skeletal warrior closely misses you.
You slash the skeletal warrior! You headbutt the skeletal warrior.
The skeletal warrior is almost destroyed.
You block the skeletal warrior's attack.
The skeletal warrior hits you with a +0 mace!
* * * LOW HITPOINT WARNING * * *
It was a potion of heal wounds.
You feel much better.
You block the skeletal warrior's attack.
The skeletal warrior hits you with a +0 mace!
* * * LOW HITPOINT WARNING * * *
You closely miss the skeletal warrior.
Your headbutt misses the skeletal warrior.
The skeletal warrior is almost destroyed.
You block the skeletal warrior's attack.
You slice the skeletal warrior!!
You destroy the skeletal warrior!
Okawaru accepts your kill.
Your base Long Blades skill increases to level 15!
Your base Dodging skill increases to level 6!
You feel much better.
The skeletal warrior hits you from afar with a +0 glaive!!
* * * LOW HITPOINT WARNING * * *
You block the skeletal warrior's attack.
You feel more confident with your borrowed prowess.
The skeletal warrior hits you from afar with a +0 glaive!
* * * LOW HITPOINT WARNING * * *
You block the skeletal warrior's attack.
You slice the skeletal warrior!!
Your headbutt misses the skeletal warrior.
The skeletal warrior is heavily damaged.
The skeletal warrior hits you from afar with a +0 glaive!
You die...

.# ................(.............
.# ........###...................
.# ........# #...................
># ........#.#..............###..
.###########.################.###
....... ....)....z...............
..##### .......z..z..............
..# ....##z##########....... ..#
. #..@........#....... ..#
#...........######## ..###+#..
#................... .........
#....(.............. ....####
#.###########....... ....#
..+.........#....... ....+
...#.........#....... ....#
....#.........#....... #####
#<........'..#####


You could see 2 skeletal warriors.

Vanquished Creatures
  A rakshasa (D:10)
  2 boulder beetles
  A catoblepas (Lair:2)
  A two-headed ogre (D:10)
  Urug (D:12)
  3 skeletal warriors (D:12)
  2 bog bodies (Lair:3)
  3 cyclopes
  A centaur zombie (D:11)
  5 cane toads
  An unseen horror (D:11)
  2 gargoyles
  A rime drake (Lair:2)
  4 komodo dragons
  2 kobold demonologists (D:11)
  A troll (D:9)
  3 blink frogs (Lair:3)
  Prince Ribbit (D:9)
  5 dream sheep (Lair:2)
  24 yaks
  3 wraiths
  3 wyverns
  2 basilisks
  3 vampire mosquitoes
  2 steam dragons
  Edmund (D:6)
  An acid dragon (D:10)
  Duvessa (D:5)
  4 water moccasins
  3 black bears
  3 ice beasts
  5 orc warriors
  2 necrophages
  16 wolves
  4 centaurs
  Blork the orc (D:6)
  3 kobold brigands
  5 bullfrogs
  5 scorpions
  Dowan (D:5)
  6 killer bees
  4 wights (D:7)
  2 howler monkeys
  A jelly (D:4)
  A gnoll shaman (D:6)
  2 hounds (D:6)
  A bullfrog skeleton (D:4)
  9 orc priests
  10 orc wizards
  2 hound skeletons
  2 howler monkey zombies
  11 gnolls
  4 adders
  An ufetubus (D:5)
  A worm (D:2)
  3 dart slugs
  36 orcs
  4 bats
  6 endoplasms
  10 giant cockroaches
  8 hobgoblins
  5 quokkas
  7 ball pythons
  A frilled lizard (D:2)
  7 goblins
  23 kobolds
  7 rats
306 creatures vanquished.

Vanquished Creatures (others)
  5 fungi (Lair:3)
  12 plants
17 creatures vanquished.

Grand Total: 323 creatures vanquished

Notes
Turn   | Place    | Note
-------+----------+-------------------------------------------
     0 | D:1      | Peloso the Minotaur Fighter began the quest for the Orb.
     0 | D:1      | Reached XP level 1. HP: 19/19 MP: 0/0
    28 | D:1      | Got First Steps in Thaumaturgy
   171 | D:1      | Reached XP level 2. HP: 20/27 MP: 1/1
   363 | D:1      | Found Rierilo's Magic Scroll Emporium.
   701 | D:1      | Reached XP level 3. HP: 32/33 MP: 2/2
  1037 | D:2      | Reached skill level 3 in Long Blades
  1234 | D:2      | Reached skill level 1 in Dodging
  1234 | D:2      | Reached XP level 4. HP: 31/41 MP: 3/3
  1971 | D:2      | Identified a scroll of acquirement
  1971 | D:2      | Acquired the amulet of Spontaneous Combustion {Acrobat
                  | rElec Will+ Regen+}
  2254 | D:3      | Found a faded altar of an unknown god.
  2277 | D:3      | Reached skill level 4 in Long Blades
  2277 | D:3      | Reached XP level 5. HP: 43/47 MP: 4/4
  3171 | D:4      | Found Qyn Tih's General Store.
  3306 | D:4      | Reached skill level 5 in Long Blades
  3306 | D:4      | Reached XP level 6. HP: 55/55 MP: 5/5
  3367 | D:4      | Reached skill level 5 in Fighting
  3718 | D:5      | Entered Level 5 of the Dungeon
  3730 | D:5      | Reached skill level 6 in Long Blades
  3730 | D:5      | Reached skill level 5 in Armour
  3828 | D:5      | Reached XP level 7. HP: 57/61 MP: 6/6
  3873 | D:5      | Noticed Duvessa
  3887 | D:5      | Killed Duvessa
  3888 | D:5      | Noticed Dowan
  3899 | D:5      | Killed Dowan
  3900 | D:5      | Reached skill level 7 in Long Blades
  4283 | D:5      | Found a staircase to the Ecumenical Temple.
  4312 | Temple   | Entered the Ecumenical Temple
  4357 | Temple   | Became a worshipper of Warmaster Okawaru
  4596 | D:6      | Reached XP level 8. HP: 70/70 MP: 7/7
  4606 | D:6      | Reached skill level 8 in Long Blades
  4626 | D:6      | Reached skill level 5 in Shields
  4679 | D:6      | Noticed Edmund
  4686 | D:6      | Killed Edmund
  4721 | D:6      | Reached * piety under Okawaru
  4766 | D:6      | Reached skill level 9 in Long Blades
  5004 | D:6      | Noticed Blork the orc
  5011 | D:6      | Killed Blork the orc
  5110 | D:7      | Reached ** piety under Okawaru
  5111 | D:7      | Reached XP level 9. HP: 78/78 MP: 8/8
  5343 | D:7      | Reached skill level 10 in Long Blades
  5988 | D:8      | Reached *** piety under Okawaru
  6077 | D:8      | Found a staircase to the Lair.
  6558 | D:9      | Noticed a boulder beetle
  6569 | D:9      | Reached skill level 11 in Long Blades
  6655 | D:9      | Killed a boulder beetle
  6656 | D:9      | Reached XP level 10. HP: 64/88 MP: 7/9
  6694 | D:9      | Reached skill level 10 in Armour
  6858 | D:9      | Noticed Prince Ribbit
  6865 | D:9      | Killed Prince Ribbit
  7079 | D:10     | Entered Level 10 of the Dungeon
  7097 | D:10     | Found a large runed translucent door.
  7098 | D:10     | Found a large runed translucent door.
  7250 | D:10     | Noticed a cyclops
  7256 | D:10     | Killed a cyclops
  7256 | D:10     | Reached **** piety under Okawaru
  7257 | D:10     | Reached skill level 1 in Evocations
  7282 | D:10     | Noticed a two-headed ogre
  7287 | D:10     | Killed a two-headed ogre
  7288 | D:10     | Reached skill level 1 in Invocations
  7575 | D:10     | Reached skill level 12 in Long Blades
  7921 | D:10     | Reached skill level 1 in Stealth
  7933 | D:10     | Reached ***** piety under Okawaru
  8025 | D:10     | Found a shimmering blue altar of Sif Muna.
  8039 | D:10     | Found an opulent altar of Gozag.
  8134 | D:11     | Noticed a cyclops
  8150 | D:11     | Killed a cyclops
  8151 | D:11     | Reached XP level 11. HP: 97/97 MP: 8/10
  8856 | D:11     | Reached skill level 13 in Long Blades
  8883 | D:11     | Noticed a rakshasa
  9084 | D:10     | Killed a rakshasa
 10036 | Lair:1   | Entered Level 1 of the Lair of Beasts
 10719 | Lair:1   | Identified the +1 ring mail "Egaq" {Will+ rCorr Slay+5}
                  | (Okawaru gifted it to you on level 1 of the Lair of Beasts)
 10719 | Lair:1   | Received a gift from Okawaru
 10796 | Lair:1   | Reached skill level 10 in Fighting
 11098 | D:1      | Bought a scroll of acquirement for 572 gold pieces
 11098 | D:1      | Bought a scroll of identify for 22 gold pieces
 11311 | Lair:2   | Reached skill level 10 in Shields
 11320 | Lair:2   | Reached skill level 14 in Long Blades
 11448 | Lair:2   | Noticed a boulder beetle
 11467 | Lair:2   | Killed a boulder beetle
 11623 | Lair:2   | Reached XP level 12. HP: 91/107 MP: 12/12
 12103 | Lair:2   | Noticed a catoblepas
 12120 | Lair:2   | Killed a catoblepas
 12708 | Lair:3   | Found a staircase to the Swamp.
 12823 | Lair:3   | Reached skill level 5 in Dodging
 13022 | Lair:3   | Noticed an eight-headed hydra
 13023 | Lair:3   | Noticed a seven-headed hydra
 13024 | Lair:3   | Identified the +0 hat "Exiethro" {Harm rC+ Int+3}
 13295 | D:12     | Noticed Urug
 13306 | D:12     | Killed Urug
 13367 | D:12     | Found a staircase to the Orcish Mines.
 13538 | D:12     | Identified the +9 scimitar "Gotwiduwk" {vorpal, rElec rC-
                  | MP+9 Int-4} (Okawaru gifted it to you on level 12 of the
                  | Dungeon)
 13538 | D:12     | Received a gift from Okawaru
 13699 | D:12     | Reached skill level 15 in Long Blades
 13701 | D:12     | Slain by a skeletal warrior

Illustrated notes

Levels and vault maps discovered:
D:1:      nicolae_arrival_memento_mori, layout_basic, serial_shops, shop
D:2:      layout_loops_corners
D:3:      wander_river, layout_basic, chequers_ecumenical_altar_simple_redux
D:4:      layout_loops_ring, serial_shops, shop, minmay_statues_item,
          minivault_26
D:5:      layout_loops_cross, minmay_temple_entry_butterflies, uniq_duvessa
D:6:      layout_rooms, chequers_garden, minmay_misc_feat_doors,
          chequers_serial_rivers_micro_c, nrook_mini_backslash, uniq_edmund,
          uniq_blork_the_orc
D:7:      layout_basic, hangedman_decor_clover_reticule
D:8:      layout_basic, lair_entry_dummy
D:9:      layout_roguey, minmay_holes, uniq_prince_ribbit1
D:10:     layout_long_grid, jmf_multi_god_temple2
D:11:     layout_cave_pools, st_stairs_12
D:12:     layout_irregular_city, orc_0_dummy, gauntlet_entry_generic, uniq_urug
Temple:   regret_index_temple_chain_breaker
Lair:1:   layout_cave_pods
Lair:2:   layout_cellular_growth, lemuel_fruit_fields
Lair:3:   layout_chaotic_city, skrybe_swamp_entry_bodies, serial_bayou_shore_b,
          grunt_megastairs_1, lemuel_fruit_fields

Skill      XL: |  1  2  3  4  5  6  7  8  9 10 11 12 |
---------------+-------------------------------------+-----
Shields        | 4 5 6 7 10 12 | 12.4
Fighting       | 4 5 6 8 9 10 11 | 11.6
Armour         | 4 5 6 7 9 11 12 | 12.1
Long Blades    | 3 4 5 6 7 9 11 12 14 15 | 15.0
Dodging        | 1 2 3 4 6 |  6.0
Evocations     | 1 |  1.1
Invocations    | 1 2 |  2.5
Stealth        | 1 |  1.8

Action                   |  1- 3 |  4- 6 |  7- 9 | 10-12 || total
-------------------------+-------+-------+-------+-------++-------
Melee: Long sword        |    70 |   141 |   214 |   516 ||   941
       Headbutt          |    10 |    27 |    34 |   113 ||   184
       Double sword      |       |       |       |    26 ||    26
Invok: Heroism           |       |       |     3 |    22 ||    25
Evoke: Wand              |       |       |     2 |       ||     2
  Use: Potion            |     2 |     1 |       |     2 ||     5
       Scroll            |     2 |     8 |     2 |    10 ||    22
Armor: Scale mail        |    36 |    34 |       |       ||    70
       Chain mail        |       |    19 |    89 |       ||   108
       Plate armour      |       |       |     6 |   150 ||   156
       Ring mail         |       |       |       |    44 ||    44
Dodge: Dodged            |    47 |    83 |   125 |   203 ||   458
Block: Buckler           |    18 |    28 |    61 |    29 ||   136
       Tower shield      |       |       |       |   400 ||   400
